 Dungeon Crawl Stone Soup version 0.28.0 (webtiles) character file.

Game seed: 14869903784415429528

646 Orangeyouglad the Sneak (level 7, 0/36 HPs)
             Began as a Kobold Conjurer on Feb 6, 2022.
             Was a Follower of Vehumet.
             Slain by Crazy Yiuf (4 damage)
             ... on level 6 of the Dungeon.
             The game lasted 00:19:45 (9135 turns).

Orangeyouglad the Sneak (Kobold Conjurer)           Turns: 9135, Time: 00:19:46

Health: 0/36       AC:  3    Str:  7    XL:     7   Next: 82%
Magic:  9/13       EV: 16    Int: 19    God:    Vehumet [*.....]
Gold:   234        SH:  0    Dex: 13    Spells: 6/14 levels left

rFire   . . .      SeeInvis .   x - +5 short sword (drain)
rCold   . . .      Faith    .   (no shield)
rNeg    . . .      Spirit   .   a - +0 robe
rPois   .          Reflect  .   (no helmet)
rElec   .          Harm     .   (no cloak)
rCorr   .          Rampage  .   q - +0 pair of gloves
Will    .....                   (no boots)
Stlth   ++........              A - amulet of magic regeneration
HPRegen 0.12/turn               u - ring of flight
MPRegen 0.53/turn               (no ring)

@: confused, lethally poisoned (0 -> -10), flying
A: small, no large weapons, nightstalker 3
a: Renounce Religion


You were on level 6 of the Dungeon.
You worshipped Vehumet.
Vehumet was aware of your devotion.
You visited 1 branch of the dungeon, and saw 6 of its levels.
You also visited: Sewer.

You collected 234 gold pieces.

Inventory:

Hand Weapons
 b - a +2 vorpal quarterstaff
 c - a +0 short sword
 x - a +5 short sword of draining (weapon)
Missiles
 g - 10 poisoned darts
 i - 5 silver boomerangs
 r - a throwing net
 B - 2 curare-tipped darts
Armour
 a - a +0 robe (worn)
 k - a +2 leather armour of fire resistance
 q - a +0 pair of gloves (worn)
 t - a +0 buckler
Jewellery
 u - a ring of flight (left hand)
 A - an amulet of magic regeneration (around neck)
Wands
 j - a wand of iceblast (7)
 w - a wand of acid (3)
 z - a wand of mindburst (10)
Scrolls
 d - 7 scrolls of teleportation
 e - a scroll of fear {unknown}
 f - a scroll of blinking {unknown}
 h - 3 scrolls of magic mapping
 o - a scroll of immolation {unknown}
 p - a scroll of noise {unknown}
 v - a scroll of enchant weapon {unknown}
 y - a scroll of identify
Potions
 l - 2 potions of lignification
 m - a potion of resistance {unknown}
 n - a potion of ambrosia
 s - 2 potions of curing


   Skills:
 + Level 5.0 Dodging
 + Level 5.7 Stealth
 + Level 4.2 Spellcasting
 + Level 5.3 Conjurations
 + Level 2.9 Hexes


You had 6 spell levels left.
You knew the following spells:

 Your Spells              Type           Power      Damage    Failure   Level
a - Magic Dart            Conj           96%        1d7       1%          1
b - Dazzling Flash        Conj/Hex       38%        N/A       8%          3
c - Blink                 Tloc           8%         N/A       21%         2
d - Searing Ray           Conj           48%        2d6       2%          2

Your spell library contained the following spells:

 Spells                   Type           Power      Damage    Failure   Level
 Shock                    Conj/Air       56%        1d6       4%          1
 Ensorcelled Hibernation  Hex/Ice        18%        N/A       11%         2
 Fulminant Prism          Conj/Hex       9%         3d7       24%         4
 Spider Form              Tmut/Pois      4%         N/A       38%         3
 Iskenderun's Mystic Bla  Conj/Tloc      14%        2d5       41%         4
 Anguish                  Hex/Necr       4%         N/A       58%         4
 Manifold Assault         Tloc           4%         N/A       98%         5
 Conjure Ball Lightning   Conj/Air       7%         3x3d6     100%        6
 Starburst                Conj/Fire      7%         6d4       100%        6
 Storm Form               Tmut/Air       2%         N/A       100%        7
 Discord                  Hex            7%         N/A       100%        8
 Disjunction              Tloc           2%         N/A       100%        8


Dungeon Overview and Level Annotations

Branches:
Dungeon (6/15)             Temple (0/1) D:5           Sewer (visited)

Altars:
Gozag
Vehumet

Annotations:
D:2 Terence
D:6 Crazy Yiuf


Innate Abilities, Weirdness & Mutations

You are small and have problems with some larger weapons.
You are completely attuned to the shadows.


Message History

Press: ? - help, Shift-Dir - straight line, f - Crazy Yiuf
Aim: Crazy Yiuf, wielding a +3 quarterstaff of chaos and wearing a +0 cloak (asleep, 100% to hit)
The searing ray hits Crazy Yiuf.
Crazy Yiuf is lightly wounded.
Crazy Yiuf shouts! (Press . to maintain the ray.)
The searing ray misses Crazy Yiuf.
The searing ray hits Crazy Yiuf.
Crazy Yiuf is lightly wounded.
The searing ray hits Crazy Yiuf.
Crazy Yiuf is moderately wounded.
You finish channelling your searing ray.
Crazy Yiuf whimpers, "Two hog illywillydillykilly!"
Crazy Yiuf barely misses you.
Crazy Yiuf cries, "You leg down broken song, no?"
Casting: Searing Ray (safe; 2% risk of failure)
Confirm with . or Enter, or press ? or * to list all spells.
Casting: Dazzling Flash (dangerous; 8% risk of failure)
Press: ? - help, Dir - look around, f - activate Crazy Yiuf hits you with a +3 quarterstaff of chaos!
Casting: Dazzling Flash (dangerous; 8% risk of failure)
Confirm with . or Enter, or press ? or * to list all spells.
Casting: Dazzling Flash (dangerous; 8% risk of failure)
Press: ? - help, Dir - look around, f - activate Crazy Yiuf is dazzled.
Crazy Yiuf hits you with a +3 quarterstaff of chaos.
You are confused.
You closely miss Crazy Yiuf.
Crazy Yiuf is moderately wounded.
Crazy Yiuf hits you with a +3 quarterstaff of chaos!
You are lethally poisoned!
* * * LOW HITPOINT WARNING * * *
You feel very sick. Crazy Yiuf barely misses you.
You hit Crazy Yiuf.
Crazy Yiuf is severely wounded.
* * * LOW HITPOINT WARNING * * *
You feel very sick.
Crazy Yiuf hits you with a +3 quarterstaff of chaos.
You die...

#'# ♣♣.♣ ♣.♣♣ ♣♣.♣
♣.♣♣ ♣♣.♣♣ ♣...♣♣
♣..g.♣ .........
##@.## ..........
#....## #.........#
.......#............
........##...........
........# ...........
......#####.........
........#.#......>..
.........)..........
.>........#<##......


You could see Crazy Yiuf (blind).

Vanquished Creatures
  A necrophage (D:5)
  A bullfrog (D:6)
  A jelly (D:5)
  A hound (D:5)
  A centaur skeleton (D:5)
  A centaur zombie (D:5)
  Ijyb (D:3)
  6 iguanas
  A hound skeleton (D:5)
  5 adders
  An ufetubus (D:6)
  2 worms
  10 orcs
  12 endoplasms
  11 giant cockroaches
  9 goblins
  11 hobgoblins
  3 jackals (D:1)
  10 quokkas
  13 ball pythons
  6 bats
  11 frilled lizards
  4 kobolds
  11 rats
133 creatures vanquished.

Notes
Turn   | Place    | Note
-------+----------+-------------------------------------------
     0 | D:1      | Orangeyouglad the Kobold Conjurer began the quest for the
                  | Orb.
     0 | D:1      | Reached XP level 1. HP: 10/10 MP: 3/3
   165 | D:1      | Reached XP level 2. HP: 15/15 MP: 3/5
   628 | D:1      | Reached XP level 3. HP: 17/19 MP: 1/6
   844 | D:1      | Learned a level 3 spell: Dazzling Flash
  1377 | D:2      | Reached XP level 4. HP: 24/24 MP: 5/8
  2026 | D:3      | Noticed Terence
  2260 | D:3      | Noticed Ijyb
  2268 | D:3      | HP: 1/24 [Ijyb (3)]
  2269 | D:3      | Killed Ijyb
  2799 | D:2      | Reached XP level 5. HP: 12/28 MP: 9/9
  2893 | D:2      | HP: 1/28 [Terence (10)]
  3298 | D:3      | Reached skill level 1 in Hexes
  3312 | D:3      | Found a faded altar of an unknown god.
  4047 | D:3      | Found a radiant altar of Vehumet.
  4224 | D:3      | Became a worshipper of Vehumet
  4757 | D:4      | Noticed a phantom
  5187 | D:4      | HP: 1/28 [iguana (5)]
  5190 | D:4      | Reached XP level 6. HP: 1/32 MP: 1/11
  5511 | D:4      | Learned a level 2 spell: Blink
  5988 | D:5      | Entered Level 5 of the Dungeon
  5993 | D:5      | Noticed a yak
  5993 | D:5      | Noticed a yak
  6196 | D:5      | Found a glowing drain.
  6202 | Sewer    | Entered a sewer
  6455 | Sewer    | Learned a level 2 spell: Searing Ray
  6830 | Sewer    | Reached * piety under Vehumet
  6830 | Sewer    | Offered knowledge of Shock by Vehumet.
  7397 | D:5      | Found an opulent altar of Gozag.
  7692 | D:5      | Reached skill level 5 in Stealth
  7774 | D:5      | Reached skill level 5 in Conjurations
  7774 | D:5      | Reached XP level 7. HP: 36/36 MP: 6/12
  7954 | D:5      | Found a staircase to the Ecumenical Temple.
  8146 | D:5      | Noticed a yak
  8147 | D:5      | Noticed a yak
  9079 | D:6      | Reached skill level 5 in Dodging
  9115 | D:6      | Found a runed translucent door.
  9118 | D:6      | Noticed Crazy Yiuf
  9135 | D:6      | Slain by Crazy Yiuf

Illustrated notes

Levels and vault maps discovered:
D:1:      evilmike_arrival_crescent, layout_loops_ring
D:2:      layout_basic
D:3:      layout_loops_corners, lemuel_coloured_pillars_altar,
          ebering_ecumenical_altar_hall, st_stairs_4, uniq_ijyb, uniq_terence
D:4:      layout_basic, amcnicky_mini_rare_corridor_liquid, minivault_19
D:5:      layout_basic, nicolae_overflow_hidden_temple,
          minmay_temple_entry_waves, serial_co_window_serial, co_window_paths_a,
          co_window_paths_a, co_window_paths_a, co_window_corner_a,
          co_window_of_opportunity_a, co_window_paths_a,
          co_window_of_opportunity_a, co_window_unsneaky_path_a,
          co_window_corner_b, co_window_corner_ca, co_window_corner_cb,
          co_window_corner_b, co_window_2corner, co_window_paths_c,
          glass_columns_a, glass_columns_c, portal_sewer_entry_b
D:6:      layout_cave_pools, okawaru_ov_weapons_minmay, tgw_fedhas,
          gammafunk_temple_overflow_statue, minmay_increasing_density,
          uniq_crazy_yiuf_cottage

Skill      XL: |  1  2  3  4  5  6  7 |
---------------+----------------------+-----
Stealth        | 3 4 5 |  5.7
Dodging        | 3 4 5 |  5.0
Spellcasting   | 3 4 |  4.2
Hexes          | 1 2 |  2.9
Conjurations   | 5 |  5.3

Action                   |  1- 3 |  4- 6 |  7- 9 || total
-------------------------+-------+-------+-------++-------
Melee: Quarterstaff      |    15 |    58 |       ||    73
       Short sword       |       |    15 |     3 ||    18
 Cast: Magic Dart        |    47 |   151 |    13 ||   211
       Dazzling Flash    |       |    13 |     3 ||    16
       Searing Ray       |       |     8 |     8 ||    16
       Blink             |       |     3 |       ||     3
  Use: Scroll            |       |     4 |       ||     4
 Stab: Sleeping          |     1 |     1 |     1 ||     3
       Invisible         |       |     5 |       ||     5
Armor: Robe              |     6 |    16 |     3 ||    25
Dodge: Dodged            |    23 |   113 |    27 ||   163
